 Dungeon Crawl Stone Soup version 0.20-a0-754-g13ddd6e (webtiles) character file.

12367 nono the Cleaver (level 11, 0/60 HPs)
             Began as a Vine Stalker Hunter on Feb 25, 2017.
             Was an Elder of Trog.
             Slain by a salamander
             ... wielding a +0 halberd
              (2 damage)
             ... in a volcano.
             The game lasted 00:47:50 (6263 turns).

nono the Cleaver (Vine Stalker Hunter)              Turns: 6263, Time: 00:47:52

Health: 0/60       AC: 18    Str: 18    XL:     11   Next: 92%
Magic:  0/12       EV:  4    Int:  9    God:    Trog [****..]
Gold:   584        SH:  8    Dex: 15    Spells: 10/10 levels left

rFire    + . .     SeeInvis .   D - +2 broad axe
rCold    x . .     Gourm    .   Q - +0 plate armour
rNeg     . . .     Faith    .   F - +0 shield
rPois    .         Spirit   +   v - +2 helmet
rElec    .         Reflect  .   H - +0 cloak
rCorr    .         Harm     .   (no gloves)
MR       +....                  (no boots)
Stlth    ..........             (no amulet)
Regen    0.6/turn               J - ring of flight
MPRegen  0.2/turn               x - ring of fire

@: exhausted, about to teleport, slowed, very slow
A: fangs 3, talons 1, dopey 1, regeneration 1, magic shield, antimagic bite, no
potion heal 3, rot immunity
a: Berserk, Trog's Hand, Brothers in Arms, Burn Spellbooks, Renounce Religion,
Evoke Flight


You were in a volcano.
You worshipped Trog.
Trog was greatly pleased with you.
You were very hungry.

You visited 3 branches of the dungeon, and saw 14 of its levels.
You also visited: Sewer, Ossuary and Volcano.

You collected 675 gold pieces.
You spent 91 gold pieces at shops.

Inventory:

Hand Weapons
 e - a +0 dagger of venom
 k - a +0 battleaxe
 D - a +2 broad axe (weapon)
 P - a +0 war axe
 S - the +9 dagger "Hito" {pierce, Dex+4}
   (You found it on level 9 of the Dungeon)

   It inflicts extra damage upon your enemies.
   It affects your dexterity (+4).
 U - a cursed -2 blowgun
Missiles
 c - 6 javelins (quivered)
 d - a throwing net
 n - 6 curare-tipped needles
Armour
 v - a +2 helmet (worn)
 E - a +2 leather armour of fire resistance
 F - a +0 shield (worn)
 H - a +0 cloak (worn)
 Q - a +0 plate armour (worn)
Jewellery
 x - a ring of fire (left hand)
 J - a ring of flight (right hand)
 K - a +2 ring of evasion
Wands
 a - a wand of iceblast (1/15)
 b - a wand of polymorph (7/24)
 i - a wand of clouds (3/9)
 j - a wand of flame (21/48)
 l - a wand of scattershot (5/9)
 I - a wand of acid (10/15)
 W - a wand of iceblast (5/15)
 Z - a wand of confusion (36/48)
Scrolls
 p - 2 scrolls of remove curse
 u - 4 scrolls of enchant armour
 w - 2 scrolls of immolation
 y - 6 scrolls of teleportation
 B - 2 scrolls of fog
 G - a scroll of fear
 N - 3 scrolls of recharging
 V - a scroll of identify
 X - a scroll of holy word
 Y - a scroll of vulnerability
Potions
 f - 2 potions of degeneration {unknown}
 g - a potion of lignification {unknown}
 h - 2 potions of magic
 o - 2 potions of cancellation {unknown}
 q - 4 potions of heal wounds {unknown}
 r - 3 potions of curing
 s - a potion of brilliance {unknown}
 t - a potion of mutation
 z - 3 potions of flight
 A - 2 potions of agility {unknown}
 C - 2 potions of haste {unknown}
 L - a potion of berserk rage {unknown}
 M - 3 potions of ambrosia {unknown}
 T - a potion of invisibility {unknown}
Comestibles
 m - 7 meat rations
 O - 2 fruits
 R - a royal jelly


   Skills:
 + Level 8.8 Fighting
 + Level 11.6 Axes
 - Level 3.6 Throwing
 + Level 8.1 Armour
 - Level 1.5 Dodging
 - Level 1.2 Stealth
 - Level 1.9 Shields


You had 10 spell levels left.
You didn't know any spells.

Dungeon Overview and Level Annotations

Branches:
Dungeon (10/15)            Temple (1/1) D:4            Lair (3/6) D:10
  Swamp (0/4) Lair:3
  Snake: Lair:2-4    Spider: Lair:2-4       Orc: D:9-12

Altars:
Ashenzari
Cheibriados
Dithmenos
Elyvilon
Fedhas
Gozag
Hepliaklqana
Kikubaaqudgha
Makhleb
Okawaru
Qazlal
Ru
Sif Muna
Trog
Uskayaw
Vehumet
Xom
Yredelemnul
Zin

Shops:
D:4 :*   D:10 =


Innate Abilities, Weirdness & Mutations

You have razor-sharp teeth.
Your natural rate of healing is unusually fast.
When hurt, damage is shared between your health and your magic reserves.
Your bite disrupts and absorbs the magic of your enemies.
Potions cannot restore your health.
You are immune to rotting.
You have sharp toenails.
You are dopey. (Int -2)


Message History

You are no longer berserk.
You are exhausted.
You feel yourself slow down. You block the salamander's attack.
There is an open door, spattered with blood here.
You see here a trident of venom.
As you read the scroll of teleportation, it crumbles to dust.
You feel strangely unstable.
You feel sick. The salamander hits you with a trident.
* * * LOW HITPOINT WARNING * * *
You are engulfed in flames.
You resist.
* * * LOW HITPOINT WARNING * * *
The salamander hits you but does no damage.
You block the salamander's attack.
Your system rejects the healing.
You feel better.
The air gets thick with the scent of sulphur.
You float gracefully downwards.
The salamander hits you from afar with a halberd.
* * * LOW HITPOINT WARNING * * *
You are engulfed in flames.
You resist.
You die...

#≈§≈≈≈#######
≈§§###[$)!$#
§##.#.$.!.#
#..'.$.$.+ ≈
##..'.._..+
≈≈§#...#.....#
≈§≈#...#######
≈≈≈#..N@)[.[$+
§§§#...#..≈..#
§§§#...#8N≈≈8#
##..'..≈..+
#..'.....+
≈##.#8.).8# §
≈≈###.....###≈≈
≈≈≈≈≈.....≈§≈≈§
#§≈≈≈8...8≈≈§§§


You could see 2 salamanders.

Vanquished Creatures
  A red draconian (Volcano)
  A hydra (Lair:1)
  A two-headed ogre (D:9)
  A salamander mystic (Volcano)
  An unseen horror (D:10)
  A salamander (Volcano)
  Joseph (Lair:1)
  A spiny frog (Lair:2)
  Psyche (D:8)
  A hippogriff (Lair:3)
  10 yaks
  4 water moccasins
  2 porcupines
  Duvessa (D:5)
  2 orc warriors
  A hornet zombie (D:7)
  2 phantoms
  An ice beast (D:5)
  A necrophage (D:7)
  5 ogres
  2 wolves (Lair:3)
  A centaur (D:10)
  8 big kobolds
  9 crocodiles
  6 bullfrogs
  A wyvern zombie (Ossuary)
  Blork the orc (D:5)
  Dowan (D:5)
  A scorpion (D:6)
  3 killer bees (D:10)
  An electric eel (Lair:1)
  A howler monkey (D:8)
  A crimson imp (D:7)
  4 centaur zombies
  2 bullfrog zombies
  3 hounds
  A bullfrog skeleton (D:10)
  6 orc priests
  A jelly (D:8)
  5 orc wizards
  5 iguanas
  3 worker ants
  A hound skeleton (D:5)
  20 mummies (Ossuary)
  A worker ant zombie (Ossuary)
  3 gnolls (D:9)
  A howler monkey skeleton (D:6)
  4 adders
  3 river rats
  A shadow imp (D:9)
  2 oozes (Sewer)
  2 adder skeletons
  3 worms
  A dart slug (D:1)
  6 leopard geckos
  18 orcs
  2 giant cockroaches (D:3)
  3 goblins
  3 hobgoblins
  9 jackals
  6 ball pythons
  6 bats
  A frilled lizard (D:2)
  4 jackal zombies (Ossuary)
  13 kobolds
  A leopard gecko skeleton (D:7)
  2 leopard gecko zombies (Ossuary)
  2 quokka skeletons (D:4)
  9 rats
  A plant (Lair:3)
233 creatures vanquished.

Vanquished Creatures (others)
  3 withered plants (Ossuary)
3 creatures vanquished.

Grand Total: 236 creatures vanquished

Notes
Turn   | Place    | Note
-------+----------+-------------------------------------------
     0 | D:1      | nono the Vine Stalker Hunter began the quest for the Orb.
     0 | D:1      | Reached XP level 1. HP: 11/11 MP: 2/2
   215 | D:1      | Reached XP level 2. HP: 6/16 MP: 3/3
   598 | D:2      | Found a blossoming altar of Fedhas.
   654 | D:3      | Reached XP level 3. HP: 15/19 MP: 4/4
   700 | D:3      | Noticed an enchanted dagger
   700 | D:3      | Noticed a hand axe
   701 | D:3      | Found a hide-covered altar of Uskayaw.
   709 | D:3      | Reached skill level 1 in Armour
   926 | D:3      | Found a glowing drain.
   930 | Sewer    | Entered a sewer
   968 | Sewer    | Noticed a big kobold
   978 | Sewer    | Gained mutation: Your natural rate of healing is unusually fast. [Vine Stalker growth]
   978 | Sewer    | Reached XP level 4. HP: 12/24 MP: 5/5
   985 | Sewer    | Killed a big kobold
   985 | Sewer    | Reached XP level 5. HP: 17/29 MP: 6/6
  1053 | Sewer    | Noticed a big kobold
  1088 | Sewer    | Killed a big kobold
  1146 | Sewer    | Noticed a big kobold
  1228 | Sewer    | Killed a big kobold
  1228 | Sewer    | Reached XP level 6. HP: 11/34 MP: 7/7
  1540 | Sewer    | Reached skill level 5 in Fighting
  1540 | Sewer    | Reached XP level 7. HP: 32/39 MP: 6/8
  1722 | D:4      | Found Ithixak's Assorted Antiques.
  1722 | D:4      | Found Voippol's Book Shoppe.
  1782 | D:4      | Found a staircase to the Ecumenical Temple.
  1787 | Temple   | Entered the Ecumenical Temple
  1806 | Temple   | Became a worshipper of Trog the Wrathful
  1927 | D:4      | Found Rocatimm's General Store.
  1940 | D:4      | Bought a +0 broad axe for 52 gold pieces
  1940 | D:4      | Bought a potion of curing for 39 gold pieces
  2001 | D:4      | Reached skill level 1 in Axes
  2005 | D:4      | Reached skill level 2 in Axes
  2105 | D:4      | Reached skill level 3 in Axes
  2180 | D:4      | Found a hazy altar of Hepliaklqana.
  2180 | D:4      | Found an ancient bone altar of Kikubaaqudgha.
  2211 | D:5      | Entered Level 5 of the Dungeon
  2354 | D:5      | Found a sand-covered staircase.
  2364 | Ossuary  | Entered an ossuary
  2385 | Ossuary  | Gained mutation: You have razor-sharp teeth. [Vine Stalker growth]
  2385 | Ossuary  | Reached XP level 8. HP: 30/43 MP: 9/9
  2409 | Ossuary  | Reached skill level 4 in Axes
  2470 | Ossuary  | Reached * piety under Trog
  2510 | Ossuary  | Reached skill level 5 in Axes
  2637 | Ossuary  | Reached skill level 6 in Axes
  2660 | Ossuary  | Reached ** piety under Trog
  2806 | D:5      | Reached skill level 7 in Axes
  2928 | D:5      | Noticed Blork the orc
  2945 | D:5      | Killed Blork the orc
  2960 | D:5      | Noticed Duvessa
  2960 | D:5      | Noticed Dowan
  2969 | D:5      | Killed Duvessa
  2969 | D:5      | Reached XP level 9. HP: 47/47 MP: 10/10
  2969 | D:5      | Killed Dowan
  3164 | D:5      | Found a glowing silver altar of Zin.
  3217 | D:6      | Reached skill level 8 in Axes
  3626 | D:7      | Reached skill level 9 in Axes
  3626 | D:7      | Reached skill level 1 in Shields
  3782 | D:7      | Found a white marble altar of Elyvilon.
  3782 | D:7      | Found an opulent altar of Gozag.
  3789 | D:7      | Found a sacrificial altar of Ru.
  3792 | D:7      | Found a faded altar of an unknown god.
  3794 | D:7      | Found a blossoming altar of Fedhas.
  3824 | D:7      | Found a shattered altar of Ashenzari.
  4002 | D:8      | Noticed Psyche
  4005 | D:8      | Killed Psyche
  4005 | D:8      | Reached XP level 10. HP: 53/53 MP: 11/11
  4022 | D:8      | Gained mutation: You tend to lose your temper in combat. [potion of mutation]
  4022 | D:8      | Gained mutation: You are partially covered in thin metallic scales. (AC +2) [potion of mutation]
  4022 | D:8      | Gained mutation: You have an increased reservoir of magic. (+10% MP) [potion of mutation]
  4022 | D:8      | Gained mutation: You are mostly covered in thin metallic scales. (AC +3) [potion of mutation]
  4024 | D:8      | Reached skill level 5 in Armour
  4455 | D:9      | Reached *** piety under Trog
  4537 | D:10     | Entered Level 10 of the Dungeon
  4551 | D:10     | Reached skill level 10 in Axes
  4705 | D:9      | Found an iron altar of Okawaru.
  4899 | D:9      | Noticed a two-headed ogre
  4905 | D:9      | Killed a two-headed ogre
  4947 | D:9      | Got an ivory dagger
  4948 | D:9      | Identified the +9 dagger "Hito" {pierce, Dex+4} (You found it on level 9 of the Dungeon)
  5189 | D:10     | Killed an unseen horror
  5189 | D:10     | Reached **** piety under Trog
  5237 | D:10     | Found a white marble altar of Elyvilon.
  5397 | D:10     | Found Soshrur's Jewellery Shop.
  5400 | D:10     | Found a staircase to the Lair.
  5411 | Lair:1   | Entered Level 1 of the Lair of Beasts
  5448 | Lair:1   | Reached XP level 11. HP: 55/58 MP: 13/13
  5507 | Lair:1   | Noticed a six-headed hydra
  5515 | Lair:1   | Killed a six-headed hydra
  5543 | Lair:1   | Noticed Joseph
  5603 | Lair:1   | Killed Joseph
  5666 | Lair:1   | Lost mutation: You tend to lose your temper in combat. [potion of mutation]
  5666 | Lair:1   | Lost mutation: You are mostly covered in thin metallic scales. (AC +3) [potion of mutation]
  5666 | Lair:1   | Gained mutation: Your spells are a little harder to cast, but a little more powerful. [potion of mutation]
  5666 | Lair:1   | Gained mutation: You expend magic power (3 MP) to strengthen your wands. [potion of mutation]
  5666 | Lair:1   | Gained mutation: You have a pair of small horns on your head. [potion of mutation]
  5666 | Lair:1   | Gained mutation: You are somewhat resistant to further mutation. [potion of mutation]
  5667 | Lair:1   | Lost mutation: You have a pair of small horns on your head. [potion of mutation]
  5667 | Lair:1   | Lost mutation: You have an increased reservoir of magic. (+10% MP) [potion of mutation]
  5667 | Lair:1   | Lost mutation: You expend magic power (3 MP) to strengthen your wands. [potion of mutation]
  5667 | Lair:1   | Gained mutation: You tend to lose your temper in combat. [potion of mutation]
  5668 | Lair:1   | Lost mutation: You are partially covered in thin metallic scales. (AC +2) [potion of mutation]
  5668 | Lair:1   | Lost mutation: You tend to lose your temper in combat. [potion of mutation]
  5668 | Lair:1   | Lost mutation: Your spells are a little harder to cast, but a little more powerful. [potion of mutation]
  5668 | Lair:1   | Lost mutation: You are somewhat resistant to further mutation. [potion of mutation]
  5668 | Lair:1   | Gained mutation: You are dopey. (Int -2) [potion of mutation]
  5668 | Lair:1   | Gained mutation: You have sharp toenails. [potion of mutation]
  5734 | Lair:1   | Reached skill level 11 in Axes
  5738 | Lair:1   | Received a gift from Trog
  6028 | Lair:2   | Noticed a five-headed hydra
  6183 | Lair:3   | Found a dark tunnel.
  6202 | Volcano  | Entered a volcano
  6218 | Volcano  | Noticed a salamander mystic
  6234 | Volcano  | Killed a salamander mystic
  6235 | Volcano  | Found a bloodstained altar of Trog.
  6237 | Volcano  | Noticed a red draconian
  6241 | Volcano  | Noticed a salamander
  6244 | Volcano  | Noticed a salamander
  6252 | Volcano  | Noticed a salamander
  6257 | Volcano  | Killed a red draconian
  6260 | Volcano  | Killed a salamander
  6262 | Volcano  | HP: 3/60 [salamander/trident (2)]
  6263 | Volcano  | Slain by a salamander

Vault maps used:
D:1:      dpeg_arrival_snail, minmay_misc_feat_columns, minmay_pentomino_q2
D:2:      chequers_ecumenical_altar_twisty, first_bread, fedhas_altar_4
D:3:      dancing_weapons_uskayaw, gup_sewer_entry_spiral
D:4:      gammafunk_temple_overflow_pools, temple_statues, serial_shops,
          nicolae_shop_overgrown_old_shop, shop, nicolae_shop_statue_plus
D:5:      zin_scriptorium, lightli_ossuary_entry_decrepit_ruins,
          nemelex_lonely_heart_becter, uniq_blork_the_orc, uniq_duvessa
D:6:      corner_web_ring
D:7:      kennysheep_mini, chequers_temple_overflow_minitemple,
          lemuel_crystal_altar
D:8:      uniq_psyche
D:9:      kennysheep_mini_moat
D:10:     lair_entry_dummy, serial_shops, shop, hangedman_fish_farm,
          elyvilon_altar_4
Temple:   chequers_temple_sunken
Lair:1:   serial_bayou_ford_a, minmay_lair_oklob_items, ldierk_geyser,
          uniq_joseph
Lair:2:   nicolae_quartered_pool_little
Lair:3:   minmay_swamp_entry_eels, enter_volcano_2, beast_lair_carwin_3,
          grunt_megastairs_3, uniq_urug, uniq_harold
Sewer:    sewer_co_tree
Ossuary:  ossuary_zaba_flooded
Volcano:  kennysheep_volcano_temple

Skill      XL: |  1  2  3  4  5  6  7  8  9 10 11 |
---------------+----------------------------------+-----
Fighting       | 2 3 4 5 7 8 |  8.8
Armour         | 1 2 3 4 6 8 |  8.1
Axes           | 3 7 9 10 11 | 11.6
Shields        | 1 |  1.9
Throwing       | |  3.6
Dodging        | |  1.5
Stealth        | |  1.2

Action                   |  1- 3 |  4- 6 |  7- 9 | 10-12 || total
-------------------------+-------+-------+-------+-------++-------
Melee: Dagger            |   136 |   205 |    71 |     6 ||   418
       Bite              |    42 |    64 |   186 |   100 ||   392
       Hand axe          |       |       |   282 |       ||   282
       War axe           |       |       |   124 |   264 ||   388
       Broad axe         |       |       |       |    55 ||    55
       Kick              |       |       |       |    47 ||    47
Throw: Stone             |     4 |     3 |       |       ||     7
       Throwing net      |     2 |       |     1 |       ||     3
Invok: Berserk           |       |       |     5 |     6 ||    11
       Trog's Hand       |       |       |     1 |     2 ||     3
       Burn Spellbooks   |       |       |     1 |     1 ||     2
 Abil: Evoke Flight      |       |       |       |     1 ||     1
  Use: Potion            |     1 |       |     1 |     7 ||     9
       Scroll            |       |       |    11 |     8 ||    19
 Stab: Held in net/web   |     2 |       |       |       ||     2
       Sleeping          |       |       |     3 |       ||     3
  Eat: Royal jelly       |       |     1 |     2 |       ||     3
       Chunk             |       |     1 |     5 |    14 ||    20
       Bread ration      |       |       |     1 |       ||     1
Armor: Leather armour    |    10 |       |    72 |       ||    82
       Ring mail         |    38 |    57 |    24 |       ||   119
       Plate armour      |       |       |    34 |   293 ||   327
Dodge: Dodged            |    66 |    83 |   192 |    90 ||   431
Block: Shield            |       |       |   114 |   150 ||   264
